 Dungeon Crawl Stone Soup version 0.22-a0-224-g8cf3520 (webtiles) character file.

3580 Gorglomux the Cleaver (level 9, -17/91 HPs)
             Began as a Minotaur Chaos Knight on Feb 19, 2018.
             Was a Priest of Okawaru.
             Demolished by a white ugly thing (32 damage)
             ... on level 8 of the Dungeon.
             The game lasted 00:08:35 (7205 turns).

Gorglomux the Cleaver (Minotaur Chaos Knight)       Turns: 7205, Time: 00:08:35

Health: -17/91     AC:  0    Str: 20      XL:     9   Next: 84%
Magic:  8/8        EV: 15    Int:  9      God:    Okawaru [***...]
Gold:   321        SH:  0    Dex:  9 (10) Spells: 8/8 levels left

rFire    + + +     SeeInvis .   W - +3 hand axe of Infection {venom, rF++}
rCold    . . .     Gourm    .   (no shield)
rNeg     . . .     Faith    .   b - +2 leather armour
rPois    .         Spirit   .   (helmet restricted)
rElec    .         Reflect  .   (no cloak)
rCorr    .         Harm     .   (no gloves)
MR       .....                  (no boots)
Stlth    +.........             I - amulet of magic regeneration
HPRegen  0.25/turn              Y - ring of wizardry
MPRegen  0.36/turn              f - ring of protection from fire

@: corroded
A: retaliatory headbutt, horns 2, blurry vision 1, deformed body, deterioration
1, robust 1
a: Heroism, Renounce Religion


You were on level 8 of the Dungeon.
You worshipped Okawaru.
Okawaru was most pleased with you.
You were not hungry.

You visited 1 branch of the dungeon, and saw 8 of its levels.
You also visited: Sewer.

You collected 431 gold pieces.
You spent 110 gold pieces at shops.

Inventory:

Hand Weapons
 W - the +3 hand axe of Infection (weapon) {venom, rF++}
   (You found it on level 4 of the Dungeon)

   It poisons the flesh of those it strikes.
   It greatly protects you from fire.
Missiles
 s - 18 javelins (quivered)
Armour
 b - a +2 leather armour (worn)
Jewellery
 f - a ring of protection from fire (right hand)
 G - an uncursed ring of resist corrosion {unknown}
 I - an amulet of magic regeneration (around neck)
 Y - a ring of wizardry (left hand)
Wands
 P - a wand of paralysis (61)
Scrolls
 h - a scroll of random uselessness {unknown}
 k - 5 scrolls of fog
 m - a scroll of noise {unknown}
 r - a scroll of magic mapping {unknown}
 u - a scroll of immolation {unknown}
 B - a scroll of blinking
 H - a scroll of vulnerability {unknown}
 J - a scroll of fear
 O - 7 scrolls of remove curse
 R - a scroll of identify
 T - 7 scrolls of teleportation
 X - 2 scrolls of amnesia {unknown}
 Z - 3 scrolls of enchant weapon {unknown}
Potions
 d - 2 potions of lignification
 o - 2 potions of haste
 q - 2 potions of resistance
 L - 3 potions of heal wounds
 M - a potion of might {unknown}
 N - 3 potions of flight
 Q - 5 potions of curing
 S - 3 potions of ambrosia
 U - a potion of brilliance
 V - 7 potions of agility
Comestibles
 c - 15 rations


   Skills:
 + Level 9.2 Fighting
 + Level 9.2 Axes
 + Level 8.8 Armour
 + Level 7.8 Dodging


You had 8 spell levels left.
You didn't know any spells.

Dungeon Overview and Level Annotations

Branches:
Dungeon (8/15)             Temple (0/1) D:7
   Lair: D:8-11

Altars:
Ashenzari
Elyvilon
Makhleb
Okawaru
Trog
The Shining One
Lugonu

Shops:
D:5 }

Annotations:
D:5 2 transporters


Innate Abilities, Weirdness & Mutations

You reflexively headbutt those who attack you in melee.
You have a pair of horns on your head.
Scrolls take you a little longer to read.
Armour fits poorly on your strangely shaped body.
Your body sometimes deteriorates upon taking damage.
You are robust. (+10% HP)


Message History

The orc throws a tomahawk!
The tomahawk barely misses you! The orc misses you!
You carve the orc like a ham!!!
Butt butt the orc!!!
Okawaru roars: ANNIHILATED!
A white ugly thing is nearby!!!
Unknown command!
A white ugly butt is nearby!!!
You closely miss the white ugly thing!
Your headbutt misses the white ugly thing!
The white ugly thing claws you!!!
Your body deteriorates!!!
You feel clumsy!
The white ugly thing freezes you!!! * * * don't die
* * * Butt command!
Really butt with blurry vision while enemies are nearby?
The white ugly thing claws you! * * * don't die
* * * The white butt-ly thing freezes you!!!!!! rip

.... #.# .# . ## #
.# .# ##########..#
# .......(.#.># #.
......u@...#
#.##########.#######
#...........(.......
###...######.....[..
#...# .........
#...# ....(#####
#...# #####.#
####...#### .#
...........# .#


You could see a white ugly thing.

Vanquished Creatures
  Pikel (D:7)
  2 slaves (D:7)
  3 orc warriors
  4 ogres
  2 sky beasts
  A small abomination (D:8)
  2 black bears
  3 phantoms
  2 centaurs
  3 big kobolds (Sewer)
  2 bullfrogs (D:6)
  A scorpion (D:5)
  3 killer bees (D:8)
  5 crimson imps
  3 hounds
  A jelly (D:8)
  A bullfrog skeleton (D:7)
  3 orc priests
  10 orc wizards
  2 iguanas
  5 worker ants
  A gnoll (shapeshifter) (D:2)
  8 adders
  A gnoll (D:4)
  A shadow imp (D:6)
  2 oozes
  An adder skeleton (D:6)
  10 worms
  2 dart slugs (D:1)
  6 leopard geckos
  24 orcs
  11 bats
  18 giant cockroaches
  11 goblins
  8 hobgoblins
  10 jackals
  3 quokkas
  8 ball pythons
  A bat (shapeshifter) (D:4)
  4 frilled lizards
  19 kobolds
  A leopard gecko skeleton (D:4)
  A quokka zombie (D:5)
  10 rats
220 creatures vanquished.

Notes
Turn   | Place    | Note
-------+----------+-------------------------------------------
     0 | D:1      | Gorglomux the Minotaur Chaos Knight began the quest for the Orb.
     0 | D:1      | Reached XP level 1. HP: 19/19 MP: 0/0
     0 | D:1      | Fell from the grace of Xom
    57 | D:1      | Reached XP level 2. HP: 19/27 MP: 1/1
   272 | D:1      | Reached skill level 3 in Armour
   437 | D:2      | Noticed a phantom
   441 | D:2      | Reached XP level 3. HP: 33/33 MP: 2/2
   507 | D:1      | XOM: mild Necr miscast
   523 | D:1      | XOM: medium Erth miscast
   546 | D:1      | XOM: 1-stop teleportation journey
  1032 | D:2      | Reached XP level 4. HP: 34/41 MP: 3/3
  1357 | D:2      | Killed a phantom
  1357 | D:2      | Reached XP level 5. HP: 39/47 MP: 4/4
  1442 | D:2      | XOM: give mutations
  1442 | D:2      | Gained mutation: You evolve. [Xom's mischief]
  1442 | D:2      | Gained mutation: Armour fits poorly on your strangely shaped body. [Xom's mischief]
  1529 | D:2      | XOM: give mutations
  1529 | D:2      | Gained mutation: Scrolls take you a little longer to read. [Xom's mischief]
  1529 | D:2      | Gained mutation: Your body sometimes deteriorates upon taking damage. [Xom's mischief]
  1710 | D:2      | Reached skill level 3 in Dodging
  2443 | D:4      | Reached XP level 6. HP: 30/56 MP: 5/5
  2660 | D:4      | XOM: mild Conj miscast
  3197 | D:4      | Reached XP level 7. HP: 51/62 MP: 6/6
  3215 | D:4      | Reached skill level 6 in Fighting
  3215 | D:4      | Reached skill level 6 in Axes
  3361 | D:4      | XOM: torment (33/63 hp)
  3587 | D:4      | Found an iron altar of Okawaru.
  3601 | D:4      | Became a worshipper of Warmaster Okawaru
  3701 | D:4      | XOM: torment (33/63 hp)
  3703 | D:4      | Got a slimy hand axe
  3704 | D:4      | Identified the cursed +3 hand axe of Infection {venom, rF++} (You found it on level 4 of the Dungeon)
  3749 | D:5      | Entered Level 5 of the Dungeon
  3752 | D:5      | Found a transporter.
  3766 | D:5      | Found a transporter.
  3871 | D:5      | XOM: god gift: club {god gift}
  3967 | D:5      | XOM: summons 2 hostile demons
  4081 | D:5      | Found Itausexe's Gadget Shoppe.
  4090 | D:5      | Bought a wand of paralysis (8) for 110 gold pieces
  4170 | D:5      | Found a white marble altar of Elyvilon.
  4187 | D:5      | XOM: torment (25/64 hp)
  4216 | D:5      | Reached skill level 6 in Armour
  4216 | D:5      | Reached XP level 8. HP: 26/71 MP: 7/7
  4782 | D:6      | Reached * piety under Okawaru
  4880 | D:6      | Found a glowing drain.
  4898 | Sewer    | Entered a sewer
  5004 | Sewer    | XOM: chaos upgrade
  5229 | Sewer    | Reached skill level 6 in Dodging
  5422 | D:6      | Reached XP level 9. HP: 41/81 MP: 8/8
  5568 | D:6      | Gained mutation: You are robust. (+10% HP) [evolution]
  5568 | D:6      | Lost mutation: You evolve. [end of evolution]
  5729 | D:6      | XOM: mild Tloc miscast
  5744 | D:6      | Reached ** piety under Okawaru
  5826 | D:6      | Noticed a moth of wrath
  5828 | D:6      | Found a bloodstained altar of Trog.
  5980 | D:7      | XOM: noise
  6103 | D:7      | Found a staircase to the Ecumenical Temple.
  6166 | D:7      | Found a shattered altar of Ashenzari.
  6507 | D:7      | Noticed Pikel
  6515 | D:7      | Killed Pikel
  6787 | D:8      | Reached skill level 9 in Fighting
  6787 | D:8      | Reached skill level 9 in Axes
  6804 | D:8      | Reached *** piety under Okawaru
  6993 | D:8      | Found a transporter.
  6993 | D:8      | Found a corrupted altar of Lugonu.
  6993 | D:8      | XOM: 1-stop teleportation journey
  6994 | D:8      | Noticed a white ugly thing
  6994 | D:8      | Noticed a cyan ugly thing
  6997 | D:8      | Noticed a white ugly thing
  7105 | D:8      | XOM: god gift: scroll labeled JINEAV YPTEFF {god gift}
  7116 | D:8      | Found a burning altar of Makhleb.
  7143 | D:8      | Found a white marble altar of Elyvilon.
  7144 | D:8      | Found a glowing golden altar of the Shining One.
  7159 | D:8      | XOM: mild Erth miscast
  7205 | D:8      | Demolished by a white ugly thing

Vault maps used:
D:1:      mrwooster_arrival_statue_2, nrook_loot_triangle,
          minmay_misc_feat_tower
D:2:      minmay_roachtagon, first_ration
D:4:      minmay_misc_feat_tiny, kennysheep_nondescript, minmay_strange_pillars,
          okawaru_altar_gauntlet_db
D:5:      gammafunk_steamed_eel, serial_shops, nicolae_shop_statue_plus,
          lemuel_tele_altar
D:6:      tgw_trog, cheibrodos_sewer_entry_sluice
D:7:      evilmike_ruin_ashenzari, minmay_temple_entry_glassed_door, uniq_pikel
D:8:      gammafunk_corrupted_shrine, gammafunk_temple_overflow_forgotten
Sewer:    kennysheep_pipe_town

Skill      XL: |  1  2  3  4  5  6  7  8  9 |
---------------+----------------------------+-----
Fighting       | 4 5 6 7 9 |  9.2
Armour         | 3 4 5 6 7 8 |  8.8
Axes           | 4 5 6 7 9 |  9.2
Dodging        | 2 3 4 5 6 7 |  7.8

Action                   |  1- 3 |  4- 6 |  7- 9 || total
-------------------------+-------+-------+-------++-------
Melee: Hand axe          |    93 |   151 |   338 ||   582
       Headbutt          |    11 |    19 |    49 ||    79
       Unarmed           |       |       |    13 ||    13
       Punch             |       |       |     1 ||     1
Throw: Javelin           |       |     3 |       ||     3
Invok: Renounce Religion |     1 |       |       ||     1
       Heroism           |       |       |     4 ||     4
  Use: Scroll            |       |     6 |    11 ||    17
       Potion            |       |     1 |     1 ||     2
  Eat: Chunk             |       |     8 |    13 ||    21
Armor: Leather armour    |    35 |    30 |    61 ||   126
       Skin              |       |       |     3 ||     3
Dodge: Dodged            |    81 |    97 |   204 ||   382

Table legend:
 A = Spawn XP
 B = Non-spawn XP
 C = Spawn XP percentage of total XP
 D = Spawn monster count
 E = Non-spawn monster count
 F = Spawn count percentage of total count
 G = Total turns spent on level
                    A         B        C        D         E        F      G
               +---------+---------+-------+---------+---------+-------+---------
         Total |       0 |    5115 |   0.0 |       0 |     218 |   0.0 |  7205
               +---------+---------+-------+---------+---------+-------+---------
           D:1 |       0 |      40 |   0.0 |       0 |      19 |   0.0 |  1022
           D:2 |       0 |     236 |   0.0 |       0 |      42 |   0.0 |   739
           D:3 |       0 |      54 |   0.0 |       0 |      14 |   0.0 |   581
           D:4 |       0 |     725 |   0.0 |       0 |      29 |   0.0 |  1407
           D:5 |       0 |     587 |   0.0 |       0 |      20 |   0.0 |  1030
           D:6 |       0 |     993 |   0.0 |       0 |      30 |   0.0 |   835
           D:7 |       0 |    1492 |   0.0 |       0 |      27 |   0.0 |   757
           D:8 |       0 |     656 |   0.0 |       0 |      13 |   0.0 |   468
         Sewer |       0 |     332 |   0.0 |       0 |      24 |   0.0 |   366
               +---------+---------+-------+---------+---------+-------+---------
